 Dungeon Crawl Stone Soup version 0.29.1 (webtiles) character file.

Game seed: 6864589247335146486

69703 smilodon the Covert (level 14, -3/98 HPs)
             Began as a Demonspawn Fighter on Sept 12, 2022.
             Was a High Priest of Hepliaklqana.
             Killed from afar by Azrael (20 damage)
             ... with damnation
             ... on level 1 of the Orcish Mines.
             The game lasted 01:20:31 (25460 turns).

smilodon the Covert (Demonspawn Fighter)           Turns: 25460, Time: 01:20:32

Health: -3/98      AC: 15    Str: 18    XL:     14   Next: 91%
Magic:  22/23      EV: 18    Int: 18    God:    Hepliaklqana [*****.]
Gold:   1284       SH:  6    Dex: 24    Spells: 17/25 levels left

rFire   + . .      SeeInvis .   N - +7 short sword of Insomnia {freeze, rF+}
rCold   . . .      Faith    .   c - +0 buckler
rNeg    . . .      Spirit   .   s - +2 acid dragon scales
rPois   .          Reflect  .   (helmet restricted)
rElec   .          Harm     .   H - +2 cloak {Stlth+}
rCorr   +          Rampage  .   (no gloves)
Will    +....                   (no boots)
Stlth   ++++++++++              Y - amulet of magic regeneration
HPRegen 0.26/turn               y - +6 ring of intelligence
MPRegen 0.58/turn               p - +4 ring of protection

@: swift, about to teleport, quick
A: reduced essence, antennae 2, thin skeletal structure 3, icemail 2,
condensation shield, talons 1, agile 1, clever 1, MP-powered wands
a: Renounce Religion, Recall Ancestor, Ancestor Identity, Transference, Idealise


You were on level 1 of the Orcish Mines.
You worshipped Hepliaklqana.
Hepliaklqana was extremely pleased with you.
You visited 3 branches of the dungeon, and saw 21 of its levels.
You also visited: Ossuary and Gauntlet.

You collected 1958 gold pieces.
You spent 674 gold pieces at shops.

Inventory:

Hand Weapons
 h - the +3 halberd "Miluc" {flame, rElec rF+ rC- MP+9}
   (You found it in a Gauntlet)

   It burns those it strikes, dealing additional fire damage.
   Big, fiery blades are also staple armaments of hydra-hunters.
   rF:        It protects you from fire.
   rC:        It makes you vulnerable to cold.
   rElec:     It insulates you from electricity.
   MP:        It affects your magic capacity (+9).
 l - a +0 trident of venom
 w - a +0 dagger of flaming
 B - a +2 dagger of distortion
 C - a +3 short sword
 N - the +7 short sword of Insomnia (weapon) {freeze, rF+}
   (You bought it in a shop on level 5 of the Dungeon)

   It freezes those it strikes, dealing additional cold damage.
   It can also slow down cold-blooded creatures.
   rF:        It protects you from fire.
Missiles
 F - 3 curare-tipped darts
Armour
 b - a +0 scale mail
 c - a +0 buckler (worn)
 g - a +0 helmet
 k - a +1 cloak
 s - +2 acid dragon scales (worn)
 x - a +2 ring mail of willpower
 G - the +5 kite shield of Ru, Screaming {-Cast rC+ Dex+6}
   (You found it on level 13 of the Dungeon)

   Dex:       It affects your dexterity (+6).
   rC:        It protects you from cold.
   -Cast:     It prevents spellcasting.
 H - a +2 cloak of stealth (worn)
Jewellery
 n - a ring of willpower
 p - a +4 ring of protection (right hand)
 t - an amulet of guardian spirit
 y - a +6 ring of intelligence (left hand)
 J - the amulet of Xom's Malicious Joy {Spirit Harm Will++}
   (You found it in a Gauntlet)

   [amulet of guardian spirit]

   It causes incoming damage to be divided between your reserves of health and
   magic.
   Harm:      It increases damage dealt and taken.
   Will:      It greatly increases your willpower.
 P - a ring of see invisible
 Y - an amulet of magic regeneration (around neck)
 Z - a ring of positive energy
Wands
 f - a wand of flame (6) (quivered)
 A - a wand of polymorph (16)
 K - a wand of acid (1)
 O - a wand of charming (6)
Scrolls
 i - 3 scrolls of fear
 m - 3 scrolls of teleportation
 u - 3 scrolls of magic mapping
 v - 3 scrolls of butterflies
 D - a scroll of amnesia
 E - 4 scrolls of identify
 S - 2 scrolls of noise
 T - 3 scrolls of immolation
 X - a scroll of silence
Potions
 a - a potion of heal wounds
 d - a potion of magic
 e - 2 potions of ambrosia
 j - 8 potions of curing
 o - 5 potions of attraction
 q - 5 potions of brilliance
 r - 6 potions of flight
 z - 3 potions of cancellation
 Q - 2 potions of berserk rage
 R - a potion of resistance
 W - a potion of haste
Miscellaneous
 I - a piece from Xom's chessboard (15/15)
 L - a lightning rod (4/4)
 M - a phial of floods (inert)


   Skills:
 - Level 9.7 Fighting
 - Level 11.8(12.0) Short Blades
 - Level 2.3(7.9) Long Blades
 - Level 4.2 Polearms
 - Level 3.0 Armour
 - Level 9.0 Dodging
 - Level 14.0 Stealth
 - Level 3.0 Shields
 + Level 6.0 Spellcasting
 - Level 5.5 Conjurations
 + Level 5.0 Transmutations
 - Level 5.0 Air Magic
 - Level 6.3 Invocations


You had 17 spell levels left.
You knew the following spells:

 Your Spells              Type           Power      Damage    Failure   Level
a - Static Discharge      Conj/Air       24%        3-6/arc   3%          2
b - Shock                 Conj/Air       96%        1d9       2%          1
c - Wereblood             Tmut           23%        N/A       3%          2
d - Swiftness             Air            23%        N/A       8%          3

Your spell library contained the following spells:

 Spells                   Type           Power      Damage    Failure   Level
 Beastly Appendage        Tmut           46%        N/A       2%          1
 Poisonous Vapours        Pois/Air       28%        N/A       11%         2
 Apportation              Tloc           10%        N/A       21%         1
 Necrotise                Necr           20%        1d5       21%         1
 Summon Small Mammal      Summ           20%        N/A       21%         1
 Spider Form              Tmut/Pois      14%        N/A       22%         3
 Airstrike                Air            11%        2d(2-18)  26%         4
 Call Canine Familiar     Summ           5%         N/A       52%         3
 Frozen Ramparts          Ice            10%        1d2       52%         3
 Summon Guardian Golem    Hex/Summ       5%         N/A       52%         3
 Tukima's Dance           Hex            5%         N/A       52%         3
 Vampiric Draining        Necr           5%         2d6       52%         3
 Lightning Bolt           Conj/Air       12%        1d25      54%         5
 Ice Form                 Ice/Tmut       14%        N/A       58%         4
 Corpse Rot               Necr/Pois/Air  11%        N/A       71%         4
 Passage of Golubria      Tloc           5%         N/A       90%         4
 Summon Ice Beast         Ice/Summ       5%         N/A       90%         4
 Yara's Violent Unravell  Hex/Tmut       7%         3d5       90%         5
 Agony                    Necr           5%         N/A       99%         5
 Orb of Destruction       Conj           12%        9d7       100%        7
 Spellforged Servitor     Conj/Summ      7%         N/A       100%        7
 Maxwell's Capacitive Co  Air            11%        ∞         100%        8


Dungeon Overview and Level Annotations

Branches:
Dungeon (14/15)            Temple (0/1) D:6            Lair (5/5) D:8
  Swamp (0/4) Lair:2       Spider (0/4) Lair:2        Slime (0/5) Lair:4
    Orc (2/2) D:10        Ossuary (visited)         Gauntlet (visited)
    Elf: Orc:2       Vaults: D:13-14

Altars:
Ashenzari
Cheibriados
Fedhas
Hepliaklqana
Kikubaaqudgha
Makhleb
Nemelex Xobeh
Okawaru
Qazlal
Ru
Trog
Wu Jian
Xom
Yredelemnul
Jiyva

Shops:
D:1 *   D:5 *(!=:   D:7 *   D:14 :

Annotations:
D:2 1 runed translucent door, Crazy Yiuf
D:10 exclusion: obsidian statue
Orc:1 Azrael


Innate Abilities, Weirdness & Mutations

Your life essence is reduced to manifest your ancestor. (-10% HP)
You have a pair of antennae on your head.
You have an unnaturally thin skeletal structure. (Dex +6, Stealth+++)
A meltable icy envelope protects you from harm. (AC +0)
A meltable shield of frost defends you. (SH +0)
You have sharp toenails.
You are agile. (Dex +4, Str/Int -1)
Your mind is acute. (Int +4, Str/Dex -1)
You expend magic power (3 MP) to strengthen your wands.


Message History

Azrael is lightly wounded.
Casting: Wereblood (safe; 3% risk of failure)
Confirm with . or Enter, or press ? or * to list all spells.
You feel quick. You block the fire elemental's attack.
The fire elemental misses you.
Azrael hits you with a +2 scimitar of flaming.
Azrael burns you.
Pippin closely misses Azrael.
The fire elemental misses you.
The fire elemental completely misses you.
You puncture Azrael! You freeze Azrael. You claw Azrael, but do no damage.
Azrael is lightly wounded.
Azrael hits you with a +2 scimitar of flaming.
You hit Azrael. You freeze Azrael.
Azrael is moderately wounded.
The fire elemental misses you.
Pippin hits Azrael but does no damage.
The fire elemental hits you. The fire elemental burns you! You resist.
As you read the scroll of teleportation, it crumbles to dust.
You feel strangely unstable. The fire elemental hits you.
The fire elemental burns you! You resist. The fire elemental hits you.
The fire elemental burns you! You resist.
Azrael hits you with a +2 scimitar of flaming.
Pippin hits Azrael with a +0 flail!
You swap places.
Pippin blocks the fire elemental's attack.
The fire elemental hits Pippin.
The fire elemental burns Pippin!
Pippin resists.
Azrael gestures at Pippin.
The fireball explodes!
The fireball engulfs Pippin!
Pippin resists.
The fireball engulfs Azrael.
Azrael completely resists.
The fireball engulfs the fire elemental.
The fire elemental completely resists.
The fireball engulfs you! You resist.
* * * LOW HITPOINT WARNING * * *
The fireball engulfs the fire elemental.
The fire elemental completely resists.
Pippin barely misses Azrael.
Pippin blocks the fire elemental's attack.
The fire elemental hits Pippin.
The fire elemental burns Pippin!
Pippin completely resists.
Azrael gestures at you.
The sphere of damnation explodes!
The damnation engulfs you!!
You die...

...............#.........##.##
..................#......####
##.......................##
......##..................#####
..........................##..##
..#...........##EE.............#
.##......#.[...RR.............##
##............#...............#
###.#...........@............##
##.......................###
##......#...............#.##
##.#......................##
#..........[...............#
##.#...#....)...#....#....##
####......)[.........#...#
#......#)[[..........##
#.......#).)[........##


You could see the friendly Pippin the knight, Azrael (ally target) and 2 fire
elementals.

Vanquished Creatures
  The ghost of Tollund the Zephyrmancer, a journeyman TeAE of Vehumet (Lair:5)
  A dire elephant (Lair:5)
  Josephine (D:13)
  4 hydras
  4 catoblepae
  5 two-headed ogres
  Erica (D:10)
  2 centaur warriors (D:14)
  A tengu warrior (D:13)
  2 death yaks (Lair:5)
  Nergalle (Orc:1)
  Amaemon (D:9)
  2 skeletal warriors
  An orc knight (D:10)
  A phantasmal warrior (D:13)
  2 manticores
  2 cyclopes
  A moth of wrath (shapeshifter) (D:14)
  A will-o-the-wisp (Lair:2)
  12 elephants
  A gargoyle (D:13)
  A black mamba (Lair:4)
  13 cane toads
  An orange demon (D:9)
  A torpor snail (Lair:5)
  A rime drake (Lair:5)
  An unseen horror (D:11)
  A kobold demonologist (D:10)
  5 komodo dragons
  A tengu conjurer (D:13)
  2 polar bears (Lair:2)
  3 trolls
  9 blink frogs (Lair:4)
  5 dream sheep (Lair:5)
  4 slime creatures (D:12)
  5 wraiths (D:13)
  A basilisk (Lair:4)
  2 shadows (Gauntlet)
  2 vampires
  A fire bat (shapeshifter) (D:13)
  Eustachio (D:4)
  2 steam dragons
  32 yaks
  A fire elemental (Orc:1)
  5 wyverns
  7 vampire mosquitoes
  A swamp worm (D:9)
  3 acid dragons
  7 water moccasins
  10 orc warriors
  2 black bears (D:6)
  7 ogres
  23 wolves
  A tengu (shapeshifter) (D:14)
  5 centaurs
  2 phantoms (D:5)
  11 bullfrogs
  6 kobold brigands
  A necrophage (D:7)
  6 scorpions
  A gnoll sergeant (D:10)
  4 wights
  9 killer bees
  4 howler monkeys
  An electric eel (D:9)
  A crimson imp (Gauntlet)
  2 hounds (D:5)
  8 orc priests
  An iguana (D:6)
  7 orc wizards
  6 mummies (Ossuary)
  7 adders
  4 gnolls
  2 shadow imps (D:5)
  6 white imps
  4 ufetubi (D:5)
  A worm (Lair:2)
  2 dart slugs (D:5)
  34 orcs
  6 ball pythons
  5 bats
  4 endoplasms
  3 giant cockroaches
  2 gnoll zombies (Ossuary)
  13 goblins
  8 hobgoblins
  3 jackals (D:4)
  3 quokkas
  A frilled lizard (D:2)
  23 kobolds
  2 orc zombies (Ossuary)
  3 rats
419 creatures vanquished.

Vanquished Creatures (collateral kills)
  A hydra (Lair:5)
  A boulder beetle (D:14)
  2 catoblepae (Lair:5)
  2 death yaks (Lair:5)
  A two-headed ogre (D:11)
  Sonja (D:10)
  A skeletal warrior (D:14)
  A manticore (Lair:5)
  A cyclops (D:9)
  5 elephants
  A smoke demon (Gauntlet)
  A black mamba (Lair:3)
  3 cane toads
  A rime drake (Lair:2)
  3 komodo dragons
  A troll (D:9)
  2 slime creatures (D:12)
  6 dream sheep (Lair:5)
  2 wraiths (D:9)
  21 yaks
  2 shadows
  A basilisk (Lair:2)
  Menkaure (D:4)
  A vampire mosquito (D:14)
  A swamp worm (D:9)
  2 water moccasins (Lair:2)
  3 orc warriors
  7 wolves
  2 ogres
  Blork the orc (D:4)
  2 phantoms
  4 kobold brigands
  2 necrophages
  5 wights
  2 killer bees (D:7)
  A howler monkey (D:5)
  2 crimson imps (Gauntlet)
  2 quasits (D:5)
  4 orc priests
  A hound (D:7)
  A jelly (D:6)
  2 iguanas (D:5)
  Ijyb (D:4)
  7 orc wizards
  2 mummies (Ossuary)
  2 adders
  3 gnolls
  A shadow imp (D:5)
  2 ufetubi
  20 orcs
  3 endoplasms
  A giant cockroach (Lair:2)
  2 goblins (D:4)
  A ball python (D:4)
  A gnoll zombie (Ossuary)
  2 hobgoblin zombies (Ossuary)
  19 kobolds
  A kobold zombie (Ossuary)
174 creatures vanquished.

Vanquished Creatures (others)
  9 knights
  A shadow imp (D:5)
  4 demonic plants (D:5)
  34 fungi
  55 plants
103 creatures vanquished.

Grand Total: 696 creatures vanquished

Notes
Turn   | Place    | Note
-------+----------+-------------------------------------------
     0 | D:1      | smilodon the Demonspawn Fighter began the quest for the
                  | Orb.
     0 | D:1      | Reached XP level 1. HP: 18/18 MP: 1/1
     8 | D:1      | Found Dorghyer's General Store.
   201 | D:1      | Gained mutation: A meltable shield of frost defends you.
                  | (SH +0) [demonic ancestry]
   201 | D:1      | Reached XP level 2. HP: 17/24 MP: 2/2
   381 | D:1      | Found a faded altar of an unknown god.
   390 | D:1      | Prayed at the altar of an unknown god.
   390 | D:1      | Became a worshipper of Hepliaklqana the Forgotten
   390 | D:1      | Reached * piety under Hepliaklqana
  1006 | D:2      | Gained mutation: You have a pair of small antennae on your
                  | head. [demonic ancestry]
  1006 | D:2      | Reached XP level 3. HP: 26/26 MP: 3/3
  1276 | D:2      | Found a runed translucent door.
  1277 | D:2      | Noticed Crazy Yiuf
  1414 | D:2      | Gained mutation: You are clumsy. (Dex -2) [potion of
                  | mutation]
  1415 | D:2      | Lost mutation: You are clumsy. (Dex -2) [potion of
                  | mutation]
  1415 | D:2      | Gained mutation: You are agile. (Dex +4, Str/Int -1)
                  | [potion of mutation]
  1415 | D:2      | Gained mutation: You have sharp toenails. [potion of
                  | mutation]
  1415 | D:2      | Gained mutation: You have hidden genetic potential. [potion
                  | of mutation]
  1551 | D:3      | Reached ** piety under Hepliaklqana
  1628 | D:1      | Bought a +0 trident of venom for 62 gold pieces
  1665 | D:2      | Remembered your ancestor Pippin as a knight
  2089 | D:3      | Found an iron altar of Okawaru.
  2152 | D:3      | Gained mutation: You have a somewhat thin skeletal
                  | structure. (Dex +2, Stealth+) [demonic ancestry]
  2152 | D:3      | Reached XP level 4. HP: 31/31 MP: 4/4
  2178 | D:3      | Reached skill level 1 in Invocations
  2207 | D:3      | Gained mutation: Your mind is acute. (Int +4, Str/Dex -1)
                  | [hidden potential]
  2695 | D:4      | Reached skill level 1 in Polearms
  2699 | D:4      | Noticed Ijyb
  2705 | D:4      | Killed Ijyb
  2706 | D:4      | Reached skill level 1 in Dodging
  2714 | D:4      | Gained mutation: You have a pair of antennae on your head.
                  | [demonic ancestry]
  2714 | D:4      | Reached XP level 5. HP: 36/37 MP: 6/6
  2740 | D:4      | Gained mutation: You expend magic power (3 MP) to
                  | strengthen your wands. [hidden potential]
  2740 | D:4      | Lost mutation: You have hidden genetic potential. [hidden
                  | potential expressed]
  2796 | D:4      | Noticed Eustachio
  2815 | D:4      | Noticed Blork the orc
  2820 | D:4      | Killed Eustachio
  2821 | D:4      | Reached XP level 6. HP: 28/43 MP: 8/8
  2826 | D:4      | Killed Blork the orc
  3121 | D:4      | Noticed Menkaure
  3131 | D:4      | Killed Menkaure
  3132 | D:4      | Reached XP level 7. HP: 27/48 MP: 10/10
  3293 | D:4      | Found an ornate altar of the Wu Jian Council.
  3471 | D:5      | Entered Level 5 of the Dungeon
  3471 | D:5      | Found Rygipsuf's Jewellery Boutique.
  3479 | D:5      | Reached skill level 5 in Invocations
  3494 | D:5      | Found a basalt altar of Yredelemnul.
  3500 | D:5      | Found Noheros's Antique Weapon Boutique.
  3508 | D:5      | Found a sand-covered staircase.
  3517 | Ossuary  | Entered an ossuary
  3958 | D:5      | Gained mutation: A meltable icy envelope protects you from
                  | harm. (AC +0) [demonic ancestry]
  3958 | D:5      | Reached XP level 8. HP: 54/54 MP: 12/12
  4098 | D:5      | Bought a +4 ring of protection for 396 gold pieces
  4157 | D:5      | Found Afin's Distillery.
  4161 | D:5      | Reached *** piety under Hepliaklqana
  4226 | D:5      | Found Lysav's Assorted Antiques.
  4258 | D:5      | Noticed a profane servitor
  4293 | D:5      | Found Hounuito's Book Boutique.
  4300 | D:5      | Reached skill level 5 in Fighting
  4502 | D:6      | Reached skill level 5 in Dodging
  4656 | D:6      | Found a shimmering altar of Xom.
  4657 | D:6      | Found a shimmering altar of Xom.
  4801 | D:6      | Found a staircase to the Ecumenical Temple.
  4889 | D:6      | Gained mutation: You have a moderately thin skeletal
                  | structure. (Dex +4, Stealth++) [demonic ancestry]
  4889 | D:6      | Reached XP level 9. HP: 62/62 MP: 13/13
  5151 | D:7      | Found Zutul's General Store.
  5331 | D:7      | Found a sacrificial altar of Ru.
  5501 | D:7      | Found a snail-covered altar of Cheibriados.
  6276 | D:8      | Reached skill level 1 in Stealth
  6276 | D:8      | Reached XP level 10. HP: 50/72 MP: 12/14
  6424 | D:8      | Reached **** piety under Hepliaklqana
  6589 | D:8      | Reached skill level 2 in Stealth
  6778 | D:8      | Found a staircase to the Lair.
  6801 | D:8      | Reached skill level 1 in Short Blades
  7149 | D:9      | Found a burning altar of Makhleb.
  7149 | D:9      | Noticed a two-headed ogre
  7156 | D:9      | Killed a two-headed ogre
  7157 | D:9      | Reached skill level 3 in Stealth
  7157 | D:9      | Noticed Amaemon
  7157 | D:9      | Noticed an orange demon
  7174 | D:9      | Killed Amaemon
  7175 | D:9      | Reached skill level 4 in Stealth
  7184 | D:9      | Killed an orange demon
  7468 | D:9      | Reached skill level 5 in Stealth
  7768 | D:9      | Noticed a cyclops
  7774 | D:9      | Killed a cyclops
  7796 | D:9      | Noticed a two-headed ogre
  7806 | D:9      | Killed a two-headed ogre
  7807 | D:9      | Reached skill level 5 in Short Blades
  7807 | D:9      | Reached skill level 6 in Stealth
  7807 | D:9      | Gained mutation: A meltable icy envelope protects you from
                  | harm. (AC +0) [demonic ancestry]
  7807 | D:9      | Reached XP level 11. HP: 63/80 MP: 10/15
  8183 | D:9      | Found a stormy altar of Qazlal.
  8332 | D:10     | Entered Level 10 of the Dungeon
  8415 | D:10     | Found a broken altar of Ashenzari.
  8424 | D:10     | Noticed an obsidian statue
  8659 | D:10     | Noticed Sonja
  8660 | D:10     | Noticed Erica
  8874 | D:10     | Killed Erica
  9260 | D:10     | Reached skill level 7 in Stealth
  9463 | D:10     | Found a staircase to the Orcish Mines.
  9483 | D:10     | Found a bloodstained altar of Trog.
  9483 | D:10     | Found a sparkling altar of Nemelex Xobeh.
  9483 | D:10     | Found an ancient bone altar of Kikubaaqudgha.
  9483 | D:10     | Found a blossoming altar of Fedhas.
  9884 | D:10     | Killed Sonja
 10274 | D:11     | Found a gate leading to a gauntlet.
 10284 | Gauntlet | Entered a Gauntlet
 10284 | Gauntlet | Found a transporter.
 10284 | Gauntlet | Found a transporter.
 10284 | Gauntlet | Found a runed translucent gate.
 10288 | Gauntlet | Noticed a wizard
 10293 | Gauntlet | Found a runed translucent gate.
 10303 | Gauntlet | Found a transporter.
 10321 | Gauntlet | Found a transporter.
 10321 | Gauntlet | Found a transporter.
 10321 | Gauntlet | Found a transporter.
 10323 | Gauntlet | Found a transporter.
 10323 | Gauntlet | Found a transporter.
 10334 | Gauntlet | Noticed an orange crystal statue
 10336 | Gauntlet | Found a transporter.
 10352 | Gauntlet | Found a transporter.
 10353 | Gauntlet | Noticed a quicksilver ooze
 10359 | Gauntlet | Noticed a death yak
 10360 | Gauntlet | Noticed a death yak
 10361 | Gauntlet | Noticed a death yak
 10362 | Gauntlet | Found a transporter.
 10363 | Gauntlet | Noticed a necromancer
 10379 | Gauntlet | Found a transporter.
 10396 | Gauntlet | Found a transporter.
 10409 | Gauntlet | Found a transporter.
 10425 | Gauntlet | Found a runed translucent gate.
 10918 | Gauntlet | Identified the amulet of Xom's Malicious Joy {Spirit Harm
                  | Will++}
 11006 | Gauntlet | Noticed a minotaur
 11050 | Gauntlet | Identified the +3 halberd "Miluc" {flame, rElec rF+ rC-
                  | MP+9}
 11056 | D:11     | Noticed a two-headed ogre
 11272 | D:10     | Killed a two-headed ogre
 11273 | D:10     | Reached skill level 8 in Stealth
 11343 | D:5      | Bought a warped short sword for 216 gold pieces
 11343 | D:5      | Identified the +7 short sword of Insomnia {freeze, rF+}
                  | (You bought it in a shop on level 5 of the Dungeon)
 11645 | D:11     | Reached skill level 1 in Spellcasting
 11904 | D:11     | Noticed a two-headed ogre
 11916 | D:11     | Killed a two-headed ogre
 12107 | D:11     | Noticed a two-headed ogre
 12140 | D:11     | Killed a two-headed ogre
 12141 | D:11     | Gained mutation: You have an unnaturally thin skeletal
                  | structure. (Dex +6, Stealth+++) [demonic ancestry]
 12141 | D:11     | Reached XP level 12. HP: 55/87 MP: 10/16
 12697 | D:12     | Noticed a two-headed ogre
 12705 | D:12     | Killed a two-headed ogre
 12846 | D:12     | Reached skill level 9 in Stealth
 13501 | D:13     | Reached ***** piety under Hepliaklqana
 13583 | D:13     | Identified the +5 kite shield of Ru, Screaming {-Cast rC+
                  | Dex+6}
 13732 | D:13     | Noticed a tengu warrior
 13734 | D:13     | Killed a tengu warrior
 13781 | D:13     | Noticed a catoblepas
 13783 | D:13     | Found a bloodstained altar of Trog.
 13803 | D:13     | Killed a catoblepas
 14093 | D:14     | Noticed Josephine
 14283 | D:14     | Noticed a centaur warrior
 14317 | D:13     | Killed Josephine
 14318 | D:13     | Reached skill level 5 in Spellcasting
 14322 | D:13     | Learned a level 2 spell: Static Discharge
 14493 | D:14     | Killed a centaur warrior
 14494 | D:14     | Reached skill level 10 in Stealth
 14524 | D:14     | Reached skill level 1 in Conjurations
 14659 | D:14     | Reached skill level 1 in Air Magic
 14769 | D:14     | Found Xanaahua's Book Shop.
 14808 | D:14     | Noticed a boulder beetle
 14837 | D:14     | Killed a boulder beetle
 14921 | D:14     | Noticed a centaur warrior
 14935 | D:14     | Killed a centaur warrior
 15636 | D:14     | Noticed a two-headed ogre
 15636 | D:14     | a sea snake changed into a two-headed ogre
 15637 | D:14     | a two-headed ogre changed into a merfolk
 15942 | D:13     | Reached XP level 13. HP: 28/91 MP: 7/20
 16714 | Lair:1   | Entered Level 1 of the Lair of Beasts
 17064 | Lair:1   | Learned a level 1 spell: Shock
 17516 | Lair:2   | Found a hole to the Spider Nest.
 17656 | Lair:2   | Reached skill level 10 in Short Blades
 17656 | Lair:2   | Reached skill level 11 in Stealth
 18500 | Lair:2   | Found a staircase to the Swamp.
 19921 | Lair:4   | Reached skill level 12 in Stealth
 20213 | Lair:4   | Learned a level 2 spell: Wereblood
 20559 | Lair:4   | Reached skill level 5 in Conjurations
 20578 | Lair:4   | Learned a level 3 spell: Swiftness
 20661 | Lair:4   | Reached XP level 14. HP: 96/98 MP: 21/21
 21129 | Lair:4   | Found a viscous altar of Jiyva.
 21129 | Lair:4   | Found a staircase to the Slime Pits.
 21246 | Lair:5   | Entered Level 5 of the Lair of Beasts
 21514 | Lair:5   | Reached skill level 5 in Air Magic
 21643 | Lair:5   | Reached ****** piety under Hepliaklqana
 21770 | Lair:5   | Reached skill level 1 in Transmutations
 22089 | Lair:5   | Found a runed translucent door.
 22092 | Lair:5   | Noticed Tollund's ghost (journeyman TeAE)
 22126 | Lair:5   | Reached skill level 13 in Stealth
 22158 | Lair:5   | Killed Tollund's ghost
 23500 | Lair:5   | Reached skill level 14 in Stealth
 23656 | Lair:5   | HP: 3/98 [death yak (18)]
 24207 | Lair:5   | Identified the +4 great sword of Epaeropt {freeze, rN+
                  | Str+3}
 24430 | Orc:1    | Entered Level 1 of the Orcish Mines
 24445 | Orc:1    | Noticed Nergalle
 24649 | Orc:1    | Killed Nergalle
 25063 | Orc:1    | Reached skill level 5 in Transmutations
 25334 | Orc:2    | Entered Level 2 of the Orcish Mines
 25336 | Orc:2    | Noticed Azrael
 25460 | Orc:1    | Killed from afar by Azrael

Illustrated notes

Levels and vault maps discovered:
D:1:      minmay_arrival_radiant_lines, layout_loops_ring,
          hellmonk_ecumenical_altar_run_dry, serial_shops, shop
D:2:      layout_loops_cross, uniq_crazy_yiuf_cottage
D:3:      layout_basic, okawaru_trees_1, grunt_decor_fettered,
          serial_bayou_lake_a
D:4:      kennysheep_goblin_castle, layout_gridville,
          pdpol_wu_jian_five_deadly_venoms, uniq_menkaure, uniq_ijyb,
          uniq_blork_the_orc, uniq_eustachio
D:5:      layout_rooms, grunt_temple_overflow_holy_war, serial_shops, shop,
          nicolae_shop_advertising_works [nicolae_subvault_shop_adworks],
          nicolae_diamond_shop, kennysheep_mini_moat, nicolae_shop_trees,
          lightli_ossuary_entry_decrepit_ruins, serial_demonic,
          serial_demonic_e, serial_demonic_c, serial_demonic_b,
          serial_demonic_e, serial_demonic_g, serial_demonic_c,
          serial_demonic_c, serial_demonic_e, serial_demonic_f, serial_demonic_a
D:6:      layout_cave_pools, mainiacjoe_overflow_small_starburst,
          xom_redecorated, minmay_temple_entry_waves, serial_column_ruins,
          column_ruins_pillar_7, column_ruins_pillar_4, column_ruins_pillar_2,
          column_ruins_pillar_11, column_ruins_pillar_6, column_ruins_pillar_2,
          column_ruins_pillar_6, column_ruins_pillar_7, column_ruins_pillar_1,
          column_ruins_pillar_7, column_ruins_pillar_2, column_ruins_pillar_1,
          column_ruins_pillar_5, column_ruins_pillar_1, column_ruins_pillar_9,
          column_ruins_pillar_6, column_ruins_pillar_7, column_ruins_pillar_4,
          column_ruins_pillar_5
D:7:      layout_loops_ring, mainiacjoe_overflow_chevrons, lemuel_doored_altar,
          nicolae_stop_n_shop_1
D:8:      layout_basic, david_lair_shrubbed
D:9:      minmay_bubble_buster, layout_rooms, bloody_makhleb,
          lemuel_coloured_pillars_altar, serial_bayou_lagoon_a, worms_lemuel,
          uniq_amaemon
D:10:     layout_roguey, ashenzari_altar_1, grunt_temple_overflow_cloverleaf,
          kennysheep_orc_monster_closet_entryway, minmay_statue_bubble,
          uniq_sonja, uniq_erica
D:11:     layout_roguey, gauntlet_entry_generic, kennysheep_generic_room_9
D:12:     layout_stronghold
D:13:     layout_rooms, minivault_27, bloody_trog
D:14:     layout_layer_cave, david_vaults_4, serial_shops, nicolae_shop_trees,
          serial_co_window_serial, co_window_cross_1, co_window_paths_a,
          co_window_corner_a, co_window_paths_a, co_window_corner_a,
          co_window_broadway_a, co_window_corner_ca, glass_columns_a,
          glass_columns_b, uniq_josephine
Lair:1:   layout_small_grid, grunt_megastairs_3
Lair:2:   layout_concentric_octagons, minmay_swamp_entry_wisps,
          nicolae_spider_entry_non_spiders, grunt_forest_large_clearings
Lair:3:   layout_hall_layers
Lair:4:   layout_misc_corridors, dpeg_slime_entry_corner,
          chequers_serial_rivers_large_b, grunt_megastairs_5
Lair:5:   evilmike_catoblepas_cave, layout_regular_city,
          ebering_ghost_inner_flame
Orc:1:    layout_caves, serial_shops, shop_fountains, uniq_maurice,
          uniq_nergalle
Orc:2:    grunt_orc_community_town_hall, layout_caves,
          grunt_orc_community_big_house_1, grunt_orc_community_big_house_2,
          grunt_orc_community_house_2, grunt_orc_community_house_1,
          grunt_orc_community_house_1, grunt_orc_community_house_3, basic_altar,
          uniq_azrael

Skill      XL: |  1  2  3  4  5  6  7  8  9 10 11 12 13 14 |
---------------+-------------------------------------------+-----
Long Blades    | 2 |  2.3
Shields        | 3 |  3.0
Armour         | 3 |  3.0
Invocations    | 2 3 4 5 6 |  6.3
Polearms       | 1 2 3 4 |  4.2
Dodging        | 1 2 3 4 6 9 |  9.0
Fighting       | 4 6 7 9 |  9.7
Stealth        | 1 6 8 10 12 14 | 14.0
Short Blades   | 5 7 9 11 | 11.8
Spellcasting   | 2 5 6 |  6.0
Conjurations   | 2 5 |  5.5
Air Magic      | 2 4 5 |  5.0
Transmutations | 5 |  5.0

Action                   |  1- 3 |  4- 6 |  7- 9 | 10-12 | 13-15 || total
-------------------------+-------+-------+-------+-------+-------++-------
Melee: Long sword        |    88 |       |       |       |       ||    88
       Trident           |    10 |    76 |   278 |   306 |       ||   670
       Kick              |     1 |    10 |    83 |   247 |   403 ||   744
       Short sword       |       |       |       |   332 |   909 ||  1241
Throw: Dart              |       |       |       |     4 |       ||     4
 Cast: Static Discharge  |       |       |       |     3 |    11 ||    14
       Shock             |       |       |       |       |     9 ||     9
       Swiftness         |       |       |       |       |     9 ||     9
       Wereblood         |       |       |       |       |     9 ||     9
Invok: Ancestor Identity |     1 |       |       |       |       ||     1
       Ancestor Life: Kn |     1 |       |       |       |       ||     1
       Recall Ancestor   |       |       |     1 |     7 |     6 ||    14
       Idealise          |       |       |       |     4 |     4 ||     8
       Transference      |       |       |       |     3 |       ||     3
Evoke: Wand              |       |       |       |    26 |    23 ||    49
       Phial of floods   |       |       |       |       |     1 ||     1
  Use: Scroll            |     5 |     2 |     5 |    11 |     9 ||    32
       Potion            |     4 |     6 |     5 |    12 |     2 ||    29
 Stab: Distracted        |       |     1 |       |     7 |    19 ||    27
       Invisible         |       |       |     4 |    13 |       ||    17
       Sleeping          |       |       |     1 |    12 |    25 ||    38
Armor: Scale mail        |    45 |    18 |    55 |    36 |       ||   154
       Acid dragon scale |       |       |       |   121 |   313 ||   434
Dodge: Dodged            |    38 |    19 |   105 |   285 |   585 ||  1032
Block: Buckler           |    34 |    30 |   116 |   267 |   427 ||   874
